 Dungeon Crawl Stone Soup version 0.24-a0-736-g4e6fe308c7 (webtiles) character file.

Game seed: 11878499105406167896, levelgen mode: deterministic

116 MisterFreud the Slasher (level 5, 0/36 HPs)
             Began as an Octopode Fighter on Oct 2, 2019.
             Slain by an adder (3 damage)
             ... on level 5 of the Dungeon.
             The game lasted 00:02:37 (2132 turns).

MisterFreud the Slasher (Octopode Fighter)          Turns: 2132, Time: 00:02:37

Health: 0/36       AC:  1    Str: 15    XL:     5   Next: 1%
Magic:  5/5        EV: 11    Int: 11    God:
Gold:   193        SH:  8    Dex: 12    Spells: 4/4 levels left

rFire    . . .     SeeInvis .   a - +0 long sword
rCold    . . .     Gourm    .   b - +0 shield
rNeg     . . .     Faith    .   (helmet restricted)
rPois    .         Spirit   .   (no amulet)
rElec    .         Reflect  .   (no ring)
rCorr    .         Harm     .   (no ring)
MR       .....                  (no ring)
Stlth    ++........             (no ring)
HPRegen  0.12/turn              (no ring)
MPRegen  0.09/turn              (no ring)
                                (no ring)
                                (no ring)

@: no status effects
A: almost no armour, stealthy swim, amphibious, 8 rings, constrict 8, camouflage
1, gelatinous body 1
a: no special abilities


You were on level 5 of the Dungeon.
You were hungry.

You visited 1 branch of the dungeon, and saw 5 of its levels.

You collected 193 gold pieces.

Inventory:

Hand Weapons
 a - a +0 long sword (weapon)
Missiles
 h - 22 stones (quivered)
 j - 16 bolts
 o - 11 arrows
 q - 5 poisoned darts
Armour
 b - a +0 shield (worn)
Scrolls
 k - a scroll of blinking {unknown}
 l - a scroll of noise {unknown}
 m - a scroll of fog
 p - 2 scrolls of teleportation {unknown}
Potions
 c - 2 potions of might
 e - a potion of agility
 g - 2 potions of flight
 i - a potion of heal wounds {unknown}
 n - a potion of haste
 r - a potion of ambrosia {unknown}
Comestibles
 d - 7 rations


   Skills:
 - Level 3.0 Fighting
 + Level 5.0 Long Blades
 - Level 3.0 Dodging
 - Level 3.0 Shields


You had 4 spell levels left.
You didn't know any spells.
Your spell library was empty.

Dungeon Overview and Level Annotations

Branches:
Dungeon (5/15)
 Temple: D:4-7

Altars:
Dithmenos


Innate Abilities, Weirdness & Mutations

You cannot wear most types of armour.
You are very stealthy in the water. (Stealth+)
You are amphibious.
You can wear up to eight rings at the same time.
You can use your tentacles to constrict eight enemies at once.
Your skin changes colour to match your surroundings (Stealth+).
Your rubbery body absorbs attacks. (AC +1, EV +1)


Message History

Found a fizzy amethyst potion.
The gnoll throws a stone.
You block the stone.
You see here a stone.
You see here a fizzy amethyst potion.
An adder comes into view.
The gnoll throws a stone.
The stone hits you but does no damage.
You see here a stone.
The adder hisses angrily.
The gnoll throws a stone.
The stone hits you!
* * * LOW HITPOINT WARNING * * *
You see here a stone.
There is a stone staircase leading down here.
The adder bites you.
* * * LOW HITPOINT WARNING * * *
You climb downwards.
There is a stone staircase leading up here.
You feel better. The adder bites you.
* * * LOW HITPOINT WARNING * * *
The adder bites you.
You die...

#+##
#...##
#...@#
#..S.+
######


You could see an adder.

Vanquished Creatures
  A worker ant (D:3)
  A hound skeleton (D:4)
  A gnoll (D:4)
  2 adders
  A shadow imp (D:4)
  A worm (D:3)
  A leopard gecko (D:2)
  4 bats
  4 giant cockroaches
  2 goblins
  4 hobgoblins
  10 kobolds
  2 quokkas
  A ball python (D:2)
  3 frilled lizards
  6 rats
44 creatures vanquished.

Notes
Turn   | Place    | Note
-------+----------+-------------------------------------------
     0 | D:1      | MisterFreud the Octopode Fighter began the quest for the
                  | Orb.
     0 | D:1      | Reached XP level 1. HP: 16/16 MP: 1/1
   150 | D:1      | Reached XP level 2. HP: 15/21 MP: 2/2
   334 | D:1      | Reached skill level 3 in Long Blades
   708 | D:2      | Found a shadowy altar of Dithmenos.
   811 | D:2      | Found a faded altar of an unknown god.
   869 | D:2      | Reached XP level 3. HP: 21/26 MP: 3/3
  1615 | D:3      | Reached skill level 4 in Long Blades
  1615 | D:3      | Reached XP level 4. HP: 23/31 MP: 4/4
  2102 | D:4      | Reached skill level 5 in Long Blades
  2102 | D:4      | Reached XP level 5. HP: 24/36 MP: 5/5
  2131 | D:5      | Entered Level 5 of the Dungeon
  2132 | D:5      | Slain by an adder

Levels and vault maps discovered:
D:1:      nzn_arrival_depleted_hourglass, layout_loops_ring
D:2:      layout_basic, grunt_dithmenos_smoke_and_mirrors,
          chequers_ecumenical_altar_grove
D:3:      layout_basic
D:4:      layout_basic, chequers_temple_overflow_minitemple, first_ration,
          hangedman_decor_opposing, cheibrodos_gnoll_hut
D:5:      layout_gridville, serial_shops, shop

Skill      XL: |  1  2  3  4 |
---------------+-------------+-----
Long Blades    | 3 4 5 |  5.0
Fighting       | |  3.0
Dodging        | |  3.0
Shields        | |  3.0

Action                   |  1- 3 |  4- 6 || total
-------------------------+-------+-------++-------
Melee: Long sword        |    59 |    22 ||    81
       Constrict         |    16 |     5 ||    21
       Tentacles         |    13 |     4 ||    17
  Use: Scroll            |       |     5 ||     5
       Potion            |       |     1 ||     1
 Stab: Sleeping          |    12 |     5 ||    17
  Eat: Chunk             |     2 |     1 ||     3
Armor: Skin              |     7 |     3 ||    10
Dodge: Dodged            |    27 |    12 ||    39
Block: Shield            |    22 |    14 ||    36
       Rpst.: Long sword |     6 |     4 ||    10

Table legend:
 A = Non-vault XP
 B = Vault XP
 C = Vault XP percentage of total XP
 D = Non-vault monster count
 E = Vault monster count
 F = Vault count percentage of total count
                 A         B        C        D         E       F
            +---------+---------+-------+---------+---------+-------
      Total |     167 |       0 |   0.0 |      44 |       0 |   0.0
            +---------+---------+-------+---------+---------+-------
        D:1 |      27 |       0 |   0.0 |      18 |       0 |   0.0
        D:2 |      28 |       0 |   0.0 |       9 |       0 |   0.0
        D:3 |      65 |       0 |   0.0 |      12 |       0 |   0.0
        D:4 |      47 |       0 |   0.0 |       5 |       0 |   0.0
            +---------+---------+-------+---------+---------+-------
